General information
- name: BNet
- type: Ladder team game (AT/RT)
- host: Battle.net
- saver: GoodestAllTime
map: Battleground
- players: 8
- length: 39:01
- speed: Fast
- version: 1.27 W3XP
- replay type: Public
» download(251 KB)
Players
team 1 (loser)

»
DESAMOR (
blue | 47 APM | 883 actions | 18:36)
5 Archmage
3 Summon Water Elemental
2 Brilliance Aura
» actions
| Assign group hotkey | 39 | |
| Basic commands | 74 | |
| Build / train | 81 | |
| ESC pressed | 11 | |
| Enter build submenu | 34 | |
| Enter hero's abilities submenu | 5 | |
| Remove unit from queue | 2 | |
| Right click | 166 | |
| Select / deselect | 233 | |
| Select group hotkey | 135 | |
| Use ability | 103 | |
883 total
» units
| Peasant | 26 | |
| Rifleman | 12 | |
| Forest Troll Berserker | 1 | |
| Forest Troll Shadow Priest | 1 | |
| Ogre Mauler | 1 | |
| Mortar Team | 6 | |
47 total
» upgrades
» buildings
| Altar of Kings | 1 | |
| Farm | 11 | |
| Scout Tower | 10 | |
| Blacksmith | 1 | |
| Arcane Tower | 5 | |
| Barracks | 2 | |
| Lumber Mill | 1 | |
| Arcane Vault | 1 | |
| Guard Tower | 7 | |
| Town Hall | 2 | |
| Keep | 1 | |
| Workshop | 2 | |
| Arcane Sanctum | 1 | |
45 total
» build order
00:09 Altar of Kings
00:24 Farm
00:56 Scout Tower
01:13 Farm
01:21 Blacksmith
01:49 Arcane Tower
01:49 Arcane Tower
01:49 Arcane Tower
01:50 Arcane Tower
02:20 Barracks
02:39 Barracks
02:42 Farm
03:10 Scout Tower
03:16 Lumber Mill
03:24 Farm
05:14 Farm
05:18 Arcane Vault
05:43 Scout Tower
05:45 Scout Tower
05:51 Scout Tower
06:14 Guard Tower
06:16 Scout Tower
06:18 Scout Tower
06:19 Guard Tower
06:30 Scout Tower
06:34 Farm
06:35 Farm
06:44 Arcane Tower
06:57 Guard Tower
07:15 Guard Tower
07:15 Guard Tower
08:11 Guard Tower
08:17 Scout Tower
08:21 Scout Tower
08:22 Town Hall
08:29 Town Hall
10:11 Keep
10:20 Guard Tower
12:12 Farm
12:14 Farm
12:32 Farm
14:47 Workshop
14:48 Workshop
14:50 Farm
16:05 Arcane Sanctum
» items
| Scroll of Regeneration | 3 | |
| Lesser Clarity Potion | 2 | |
| Scroll of Town Portal | 1 | |
6 total

»
TheNewEra (
yellow | 59 APM | 1068 actions | 18:05)
4 Tauren Chieftain
2 Shockwave
2 Endurance Aura
» actions
| Assign group hotkey | 30 | |
| Build / train | 49 | |
| Enter build submenu | 13 | |
| Enter hero's abilities submenu | 4 | |
| Give item / drop item | 1 | |
| Remove unit from queue | 3 | |
| Right click | 399 | |
| Select / deselect | 265 | |
| Select group hotkey | 272 | |
| Use ability | 31 | |
1068 total
» units
| Peon | 6 | |
| Troll Headhunter/Berserker | 22 | |
| Grunt | 2 | |
30 total
» upgrades
| Ranged Weapons | 2 | |
| Berserker Upgrade | 1 | |
| Armor | 2 | |
| Troll Regeneration | 1 | |
6 total
» buildings
| Altar of Storms | 1 | |
| Orc Burrow | 4 | |
| War Mill | 1 | |
| Barracks | 2 | |
| Stronghold | 1 | |
| Voodoo Lounge | 1 | |
| Fortress | 1 | |
| Great Hall | 1 | |
| Watch Tower | 1 | |
13 total
» build order
00:21 Altar of Storms
00:32 Orc Burrow
01:07 War Mill
01:40 Barracks
02:03 Orc Burrow
04:50 Stronghold
04:55 Voodoo Lounge
05:58 Orc Burrow
06:22 Orc Burrow
07:23 Fortress
07:46 Great Hall
07:49 Watch Tower
08:23 Barracks
» items
| Periapt of Vitality | 1 | |
| Healing Salve | 2 | |
| Scroll of Town Portal | 1 | |
| Orb of Lightning | 1 | |
5 total
GloriousRod (
red | 105 APM | 4084 actions | 39:00)
7 Archmage
3 Summon Water Elemental
3 Brilliance Aura
1 Mass Teleport
4 Mountain King
2 Storm Bolt
2 Bash
» actions
| Assign group hotkey | 129 | |
| Basic commands | 42 | |
| Build / train | 182 | |
| ESC pressed | 17 | |
| Enter build submenu | 53 | |
| Enter hero's abilities submenu | 12 | |
| Give item / drop item | 12 | |
| Remove unit from queue | 7 | |
| Right click | 1834 | |
| Select / deselect | 564 | |
| Select group hotkey | 885 | |
| Use ability | 347 | |
4084 total
» units
| Peasant | 20 | |
| Footman | 6 | |
| Gryphon Rider | 9 | |
| Wisp | 4 | |
| Hippogryph | 4 | |
| Knight | 1 | |
44 total
» upgrades
| Defend | 1 | |
| Swords | 3 | |
| Masonry | 3 | |
| Armor | 3 | |
| Animal War Training | 1 | |
| Storm Hammers | 1 | |
| Cloud | 1 | |
| Well Spring | 1 | |
| Nature's Blessing | 1 | |
15 total
» buildings
| Altar of Kings | 1 | |
| Barracks | 1 | |
| Farm | 14 | |
| Scout Tower | 19 | |
| Arcane Tower | 7 | |
| Blacksmith | 1 | |
| Arcane Vault | 1 | |
| Keep | 2 | |
| Lumber Mill | 1 | |
| Guard Tower | 49 | |
| Castle | 5 | |
| Gryphon Aviary | 2 | |
| Town Hall | 4 | |
| Ancient Protector | 7 | |
114 total
» build order
00:40 Altar of Kings
00:42 Barracks
00:54 Farm
01:00 Farm
01:39 Scout Tower
01:55 Farm
02:18 Arcane Tower
02:18 Arcane Tower
02:19 Arcane Tower
02:37 Blacksmith
03:11 Arcane Vault
03:22 Farm
03:58 Farm
04:20 Keep
05:07 Lumber Mill
06:10 Scout Tower
06:11 Scout Tower
06:12 Scout Tower
06:45 Guard Tower
06:45 Guard Tower
07:53 Castle
07:53 Castle
07:53 Castle
08:00 Scout Tower
08:00 Scout Tower
08:34 Guard Tower
08:34 Guard Tower
08:34 Guard Tower
08:34 Guard Tower
08:35 Guard Tower
08:35 Guard Tower
09:10 Gryphon Aviary
09:12 Gryphon Aviary
10:51 Farm
10:56 Farm
11:22 Farm
15:55 Town Hall
16:00 Scout Tower
16:02 Scout Tower
16:04 Scout Tower
16:06 Scout Tower
16:21 Scout Tower
16:23 Scout Tower
16:24 Scout Tower
16:30 Guard Tower
16:31 Guard Tower
16:31 Guard Tower
16:33 Guard Tower
16:34 Guard Tower
16:34 Guard Tower
16:35 Guard Tower
16:36 Guard Tower
16:36 Guard Tower
16:58 Guard Tower
16:59 Guard Tower
16:59 Guard Tower
17:03 Guard Tower
17:03 Guard Tower
17:03 Guard Tower
17:03 Guard Tower
17:04 Guard Tower
17:27 Farm
18:01 Farm
18:02 Farm
18:09 Farm
18:14 Scout Tower
19:29 Guard Tower
19:29 Guard Tower
19:32 Scout Tower
19:33 Scout Tower
19:33 Scout Tower
19:34 Scout Tower
19:36 Scout Tower
20:07 Guard Tower
20:17 Guard Tower
20:18 Guard Tower
20:18 Guard Tower
21:10 Farm
21:11 Farm
21:35 Ancient Protector
21:36 Ancient Protector
21:38 Ancient Protector
21:39 Ancient Protector
21:40 Ancient Protector
21:41 Ancient Protector
21:42 Ancient Protector
27:03 Town Hall
30:14 Town Hall
36:00 Town Hall
37:20 Arcane Tower
37:20 Arcane Tower
37:22 Guard Tower
37:22 Guard Tower
» items
| Scroll of Regeneration | 8 | |
| Mechanical Critter | 6 | |
| Lesser Clarity Potion | 1 | |
| Potion of Lesser Invulnerability | 4 | |
| Boots of Speed | 1 | |
| Circlet of Nobility | 1 | |
| Scroll of Town Portal | 3 | |
| Staff of Sanctuary | 1 | |
| Periapt of Vitality | 1 | |
| Staff of Teleportation | 1 | |
| Dust of Appearance | 1 | |
| Potion of Healing | 1 | |
| Ivory Tower | 1 | |
30 total

»
robotnoodle (
purple | 54 APM | 975 actions | 18:01)
4 Keeper of the Grove
1 Force of Nature
2 Thorns Aura
1 Entangling Roots
» actions
| Assign group hotkey | 26 | |
| Basic commands | 23 | |
| Build / train | 61 | |
| Enter build submenu | 20 | |
| Enter hero's abilities submenu | 4 | |
| Right click | 425 | |
| Select / deselect | 203 | |
| Select group hotkey | 163 | |
| Use ability | 50 | |
975 total
» units
| Wisp | 17 | |
| Archer | 3 | |
| Huntress | 9 | |
| Hippogryph | 7 | |
| Dryad | 2 | |
| Druid of the Claw | 1 | |
| Mountain Giant | 2 | |
41 total
» upgrades
| Abolish Magic | 1 | |
| Druid of the Claw Training | 1 | |
| Resistant Skin | 1 | |
| Hardened Skin | 1 | |
| Upgrade Moon Glaive | 1 | |
5 total
» buildings
| Moon Well | 7 | |
| Altar of Elders | 1 | |
| Ancient of War | 1 | |
| Hunter's Hall | 1 | |
| Ancient of Wonders | 1 | |
| Ancient Protector | 3 | |
| Tree of Ages | 1 | |
| Ancient of Lore | 2 | |
| Ancient of Wind | 1 | |
| Tree of Eternity | 1 | |
19 total
» build order
00:15 Moon Well
00:23 Altar of Elders
00:58 Ancient of War
01:47 Hunter's Hall
02:02 Moon Well
02:23 Ancient of Wonders
03:39 Ancient Protector
04:08 Moon Well
04:49 Moon Well
05:03 Ancient Protector
05:46 Tree of Ages
06:01 Moon Well
07:25 Ancient Protector
07:39 Moon Well
08:24 Ancient of Lore
08:48 Ancient of Wind
10:08 Tree of Eternity
14:50 Moon Well
15:55 Ancient of Lore
» items
| Lesser Clarity Potion | 2 | |
| Moonstone | 2 | |
| Scroll of Healing | 1 | |
| Potion of Lesser Invulnerability | 1 | |
6 total
team 2 (winner)
Play2Lose (
orange | 71 APM | 2625 actions | 37:02)
4 Warden
2 Shadow Strike
2 Fan of Knives
4 Demon Hunter
2 Mana Burn
2 Evasion
» actions
| Assign group hotkey | 52 | |
| Basic commands | 100 | |
| Build / train | 77 | |
| Enter build submenu | 30 | |
| Enter hero's abilities submenu | 8 | |
| Give item / drop item | 4 | |
| Remove unit from queue | 4 | |
| Right click | 1135 | |
| Select / deselect | 499 | |
| Select group hotkey | 631 | |
| Use ability | 84 | |
2625 total
» units
| Wisp | 18 | |
| Archer | 7 | |
| Huntress | 1 | |
| Forest Troll Shadow Priest | 1 | |
| Chimaera | 4 | |
| Druid of the Claw | 5 | |
| Hippogryph | 3 | |
39 total
» upgrades
| Corrosive Breath | 1 | |
| Reinforced Hides | 3 | |
| Strength of the Wild | 2 | |
| Druid of the Claw Training | 2 | |
| Well Spring | 1 | |
| Mark of the Claw | 1 | |
10 total
» buildings
| Altar of Elders | 1 | |
| Moon Well | 5 | |
| Ancient of War | 1 | |
| Ancient of Wonders | 1 | |
| Tree of Ages | 2 | |
| Hunter's Hall | 1 | |
| Tree of Eternity | 1 | |
| Ancient of Wind | 2 | |
| Ancient Protector | 6 | |
| Chimaera Roost | 5 | |
| Ancient of Lore | 3 | |
| Tree of Life | 1 | |
29 total
» build order
00:33 Altar of Elders
00:39 Moon Well
01:16 Ancient of War
01:43 Moon Well
02:17 Ancient of Wonders
02:56 Moon Well
03:05 Tree of Ages
03:05 Tree of Ages
04:10 Hunter's Hall
04:14 Moon Well
05:46 Tree of Eternity
05:48 Ancient of Wind
05:54 Ancient Protector
07:10 Ancient Protector
08:35 Chimaera Roost
09:12 Chimaera Roost
09:13 Chimaera Roost
09:14 Chimaera Roost
09:17 Chimaera Roost
10:48 Moon Well
13:59 Ancient of Lore
14:07 Ancient of Lore
14:10 Ancient of Lore
14:47 Ancient Protector
14:48 Ancient Protector
14:55 Ancient Protector
15:07 Ancient Protector
22:55 Tree of Life
25:12 Ancient of Wind
» items
| Lesser Clarity Potion | 4 | |
| Dust of Appearance | 1 | |
| Staff of Preservation | 2 | |
| Orb of Venom | 2 | |
| Orb of Lightning | 1 | |
| Scroll of Town Portal | 1 | |
11 total
DonaldTrump2016 (
pink | 31 APM | 1212 actions | 39:00)
6 Tauren Chieftain
2 Shockwave
3 Endurance Aura
1 Reincarnation
» actions
| Assign group hotkey | 342 | |
| Basic commands | 59 | |
| Build / train | 70 | |
| Enter build submenu | 16 | |
| Enter hero's abilities submenu | 6 | |
| Give item / drop item | 3 | |
| Remove unit from queue | 2 | |
| Right click | 314 | |
| Select / deselect | 217 | |
| Select group hotkey | 150 | |
| Use ability | 33 | |
1212 total
» units
| Peon | 8 | |
| Grunt | 12 | |
| Shaman | 5 | |
| Tauren | 10 | |
| Kodo Beast | 1 | |
36 total
» upgrades
| Melee Weapons | 3 | |
| Armor | 3 | |
| Berserker Strength | 1 | |
| Shaman Training | 2 | |
| Pulverize | 1 | |
| War Drums Damage Increase | 1 | |
| Ensnare | 1 | |
| Ranged Weapons | 1 | |
| Spiked Barricades | 1 | |
| Witch Doctor Training | 1 | |
| Spirit Walker Training | 1 | |
16 total
» buildings
| War Mill | 1 | |
| Orc Burrow | 7 | |
| Barracks | 1 | |
| Altar of Storms | 1 | |
| Stronghold | 1 | |
| Voodoo Lounge | 1 | |
| Fortress | 1 | |
| Spirit Lodge | 1 | |
| Tauren Totem | 2 | |
| Beastiary | 1 | |
| Great Hall | 1 | |
| Watch Tower | 1 | |
19 total
» build order
00:18 War Mill
00:22 Orc Burrow
00:52 Barracks
01:10 Altar of Storms
01:57 Orc Burrow
02:39 Stronghold
04:14 Orc Burrow
05:00 Voodoo Lounge
05:27 Fortress
05:55 Spirit Lodge
07:46 Orc Burrow
09:51 Tauren Totem
11:52 Beastiary
14:47 Tauren Totem
15:49 Orc Burrow
15:50 Orc Burrow
21:56 Great Hall
22:00 Orc Burrow
22:04 Watch Tower
» items
| Healing Salve | 2 | |
| Periapt of Vitality | 1 | |
| Orb of Lightning | 1 | |
| Lesser Clarity Potion | 1 | |
| Potion of Healing | 1 | |
6 total
GoodestAllTime (
teal | 55 APM | 2129 actions | 39:01)
7 Blademaster
3 Wind Walk
3 Critical Strike
1 Bladestorm
» actions
| Assign group hotkey | 45 | |
| Basic commands | 299 | |
| Build / train | 84 | |
| Enter build submenu | 57 | |
| Enter hero's abilities submenu | 7 | |
| Give item / drop item | 16 | |
| Right click | 876 | |
| Select / deselect | 364 | |
| Select group hotkey | 251 | |
| Use ability | 130 | |
2129 total
» units
| Peon | 24 | |
| Grunt | 4 | |
| Troll Batrider | 4 | |
| Wind Rider | 9 | |
41 total
» upgrades
| Reinforced Defenses | 1 | |
| Ranged Weapons | 3 | |
| Armor | 3 | |
| Envenomed Spears | 1 | |
8 total
» buildings
| Orc Burrow | 6 | |
| Altar of Storms | 1 | |
| Barracks | 1 | |
| Voodoo Lounge | 3 | |
| Stronghold | 1 | |
| War Mill | 3 | |
| Beastiary | 7 | |
| Fortress | 1 | |
| Great Hall | 1 | |
| Watch Tower | 33 | |
57 total
» build order
00:11 Orc Burrow
00:52 Altar of Storms
00:53 Barracks
01:09 Orc Burrow
02:18 Voodoo Lounge
02:20 Voodoo Lounge
02:54 Stronghold
04:28 War Mill
04:29 Orc Burrow
05:15 Beastiary
05:16 Beastiary
07:17 Fortress
10:29 Great Hall
10:32 Watch Tower
10:32 Watch Tower
10:33 Watch Tower
10:33 Watch Tower
11:34 War Mill
11:42 Watch Tower
11:42 Watch Tower
11:42 Watch Tower
11:44 Watch Tower
12:08 Voodoo Lounge
12:10 Watch Tower
12:13 Watch Tower
12:15 Watch Tower
13:41 Watch Tower
16:48 Watch Tower
16:48 Watch Tower
16:49 Watch Tower
16:49 Watch Tower
16:50 Watch Tower
16:51 Watch Tower
16:53 Watch Tower
16:54 Watch Tower
16:54 Watch Tower
18:04 Watch Tower
18:05 Watch Tower
18:06 Watch Tower
18:07 Watch Tower
18:07 Watch Tower
19:07 Beastiary
19:08 Beastiary
19:09 Beastiary
19:12 Beastiary
19:13 Beastiary
19:23 Orc Burrow
19:25 Orc Burrow
19:29 Orc Burrow
20:50 War Mill
21:40 Watch Tower
21:41 Watch Tower
21:42 Watch Tower
21:47 Watch Tower
21:48 Watch Tower
22:00 Watch Tower
» items
| Healing Salve | 7 | |
| Lesser Clarity Potion | 4 | |
| Boots of Speed | 1 | |
| Potion of Healing | 4 | |
| Potion of Mana | 2 | |
| Orb of Lightning | 1 | |
| Staff of Teleportation | 1 | |
| Periapt of Vitality | 1 | |
| Scroll of Town Portal | 4 | |
25 total

»
SyNtHwAvE (
green | 72 APM | 2599 actions | 36:15)
5 Dark Ranger
3 Life Drain
2 Silence
3 Death Knight
2 Death Coil
1 Unholy Aura
» actions
| Assign group hotkey | 493 | |
| Basic commands | 61 | |
| Build / train | 67 | |
| ESC pressed | 1 | |
| Enter build submenu | 20 | |
| Enter hero's abilities submenu | 8 | |
| Give item / drop item | 3 | |
| Right click | 953 | |
| Select / deselect | 576 | |
| Select group hotkey | 322 | |
| Use ability | 95 | |
2599 total
» units
| Acolyte | 4 | |
| Ghoul | 6 | |
| Crypt Fiend | 11 | |
| Forest Troll Shadow Priest | 1 | |
| Meatwagon | 4 | |
| Frost Wyrm | 3 | |
| Gargoyle | 4 | |
33 total
» upgrades
| Creature Attack | 3 | |
| Creature Carapace | 2 | |
| Web | 1 | |
| Burrow | 1 | |
7 total
» buildings
| Altar of Darkness | 1 | |
| Crypt | 2 | |
| Ziggurat | 7 | |
| Nerubian Tower | 3 | |
| Graveyard | 1 | |
| Tomb of Relics | 1 | |
| Spirit Tower | 2 | |
| Halls of the Dead | 1 | |
| Sacrificial Pit | 1 | |
| Black Citadel | 4 | |
| Slaughterhouse | 1 | |
| Boneyard | 2 | |
26 total
» build order
00:10 Altar of Darkness
00:15 Crypt
00:34 Ziggurat
01:01 Ziggurat
01:29 Nerubian Tower
02:02 Ziggurat
02:38 Graveyard
02:43 Nerubian Tower
03:04 Nerubian Tower
03:22 Ziggurat
03:32 Tomb of Relics
04:54 Spirit Tower
05:35 Ziggurat
05:58 Halls of the Dead
07:38 Spirit Tower
07:42 Crypt
10:59 Sacrificial Pit
14:02 Ziggurat
14:55 Black Citadel
14:55 Black Citadel
14:55 Black Citadel
15:59 Slaughterhouse
16:02 Ziggurat
17:37 Boneyard
17:40 Boneyard
» items
| Boots of Speed | 1 | |
| Potion of Healing | 4 | |
| Rod of Necromancy | 1 | |
| Orb of Corruption | 1 | |
7 total
Chat log
(03:57 / Allies) GoodestAllTime: please don't just follow with hero green
(04:10 / Allies) SyNtHwAvE: i was comin here w/o u chill
(08:14 / Allies) GoodestAllTime: must attack
(08:22 / Allies) Play2Lose: he has 1 ancient
(09:51 / Allies) Play2Lose: good find
(10:50 / Allies) DonaldTrump2016: teal
(11:04 / Allies) DonaldTrump2016: dont lead em to your expo
(11:18 / Allies) Play2Lose: teal could i have a 100 lumb
(11:26 / Allies) Play2Lose: ty
(12:37 / Allies) GoodestAllTime: back
(12:38 / Allies) GoodestAllTime: back
(12:40 / Allies) GoodestAllTime: fight in my toewrs
(12:43 / Allies) DonaldTrump2016: back to expo
(13:12 / All) GoodestAllTime: wtf
(13:16 / All) GoodestAllTime: wasn't it tping
(13:27 / All) GoodestAllTime: wasn't my shit tping
(13:30 / All) GoodestAllTime: or did some idiot tp on me
(16:31 / Allies) SyNtHwAvE: u got him
(18:41 / Allies) SyNtHwAvE: gg
(19:15 / Allies) GoodestAllTime: lkumber
(19:31 / Allies) SyNtHwAvE: wtf
(19:44 / All) SyNtHwAvE: tk at a time like this?
(19:53 / All) GloriousRod: Blue was tking me with yellow's units
(19:58 / All) SyNtHwAvE: ah
(20:32 / Allies) GoodestAllTime: wood plox
(21:22 / All) DonaldTrump2016: leave
(21:26 / All) GloriousRod: Nah
(21:31 / All) GloriousRod: I'm good, thanks
(21:36 / All) DonaldTrump2016: youre a faggot, thanks
(21:42 / All) Play2Lose: enjoy the base rape :)
(23:30 / All) GloriousRod: lol
(25:06 / Allies) DonaldTrump2016: alright im afk
(25:09 / Allies) DonaldTrump2016: goodluck oj and green
(25:11 / Allies) DonaldTrump2016: teal is tking
(25:22 / Allies) SyNtHwAvE: serious?
(25:30 / Allies) Play2Lose: no?
(25:31 / Allies) GoodestAllTime: he kilt my peons
(25:51 / All) GloriousRod: OMFG staffed mk rather than gryph
(26:08 / All) SyNtHwAvE: i was wondering wtf happen
(26:35 / Allies) DonaldTrump2016: well stop trusting people so much
(26:38 / All) GoodestAllTime: oh forgot abotu those lol
(26:42 / Allies) DonaldTrump2016: you shouldve expected it right away
(26:54 / Allies) DonaldTrump2016: watch the replay, teal kills your spiders while we attack red
(27:11 / Allies) SyNtHwAvE: ha wow
(27:19 / Allies) SyNtHwAvE: srry faggot eh
(27:28 / All) GloriousRod: Yeah go straight for my hidden expo lol
(27:29 / All) GloriousRod: legit
(28:04 / Allies) Play2Lose: come t o me green
(30:12 / Allies) SyNtHwAvE: sigh
(30:47 / Allies) GoodestAllTime: lol
(30:50 / All) GoodestAllTime: he's denying me exp
(32:20 / All) GoodestAllTime: BEFORE YOU COME TO ANY CONCLUSIONS
(32:24 / All) GoodestAllTime: TRY WALKING I NMY SHOES
(32:39 / All) SyNtHwAvE: size 8 loser ass shoes
(32:39 / All) Play2Lose: good point
(32:47 / All) Play2Lose: i'd kill myself if I were in your shoes
(32:57 / All) SyNtHwAvE: itty bitty dick, zits all up to 11
(33:04 / All) GoodestAllTime: you're just mad because you are angry
(33:06 / All) SyNtHwAvE: i feel 4u
(33:13 / All) GloriousRod: Yeah he sounds pissed
(33:18 / All) GloriousRod: I think green is really angry TBH
(33:33 / All) SyNtHwAvE: furious
(33:35 / All) GoodestAllTime: HAHA ARE YOU ANGRY DUDE?
(33:36 / All) Play2Lose: nah i'd just really hate to be you
(33:38 / All) GloriousRod: yeah sounds like it
(33:43 / All) GloriousRod: Orange and green are pretty riled up
(33:47 / All) GloriousRod: they aren't having a good time
(33:50 / All) SyNtHwAvE: you queers friends?
(33:59 / All) GloriousRod: no, we met this game
(34:01 / All) GoodestAllTime: ya'll ain't depeche mode fans are ya
(34:04 / All) SyNtHwAvE: uh huh
(34:21 / All) GloriousRod: why do you think we're friends?
(34:21 / Allies) Play2Lose: k time to afk
(34:23 / Allies) Play2Lose: have fun
(34:26 / All) GloriousRod: nothing at all to suggest that
(34:28 / All) SyNtHwAvE: you faggots are lan lined in a dark apartment where perfume hasnt touched since the last tenants
(34:32 / All) GloriousRod: we just teamed up to give me a win
(34:54 / All) SyNtHwAvE: i just wanna see what happens
(35:24 / Allies) DonaldTrump2016: im just smoking weed, eating kettle korn, browsing web on smartphone
(35:30 / All) GloriousRod: I had a jolly good time this game
(35:33 / Allies) DonaldTrump2016: waiting for teal to leave to take over his units and kill red
(35:35 / All) GloriousRod: nice, easy win
(35:38 / Allies) SyNtHwAvE: smokin weed on my phone too man
(35:41 / All) GloriousRod: you should've put up a fight, noobs
(35:54 / Allies) SyNtHwAvE: eating
(35:56 / All) DonaldTrump2016: gg
(36:05 / All) DonaldTrump2016: maybe next time huh
(36:10 / All) SyNtHwAvE: pays to stay til the end!
(36:15 / All) GoodestAllTime: we're all smoking weed on our smart phone apps on this ide
(36:16 / All) GoodestAllTime: side
(36:27 / All) DonaldTrump2016: lol
(36:34 / All) GloriousRod: do you even smoke teal?
(36:37 / All) GloriousRod: nothing like a good blunt
(37:52 / All) GoodestAllTime: HILLIARY FOR PRISON 2016